Icehogs vs Griffins

Created - April 25, 2023 at 20:00

Goals
1 2 3 T
Icehogs 1 1 0 2
Griffins 0 2 2 4
Shots
1 2 3 T
Icehogs 4 14 9 27
Griffins 17 11 16 44

1st period

1. Icehogs , Andrew Mangiapane 22 (Duncan Siemens 11, Michael Chaput 21) at 10:17

Penalties :
Ian McCoshen (Gra) for Holding (Minor) at 1:47, Patrick Russell (Roc) for Hooking (Minor) at 16:51

2nd period

2. Griffins , Sonny Milano 23 (Riley Armstrong 40, Tyler Bertuzzi 41) at 2:01
3. Icehogs , Michael Chaput 15 (Duncan Siemens 12) at 10:31
4. Griffins , Sonny Milano 24 (Danny Kristo 37, Ryan Pulock 15) at 13:45

Penalties :
Patrick Sieloff (Roc) for Hooking (Minor) at 3:36

3rd period

5. Griffins , Lucas Lessio 19 (Brendan Woods 18, Ian McCoshen 15) at 2:39
6. Griffins , Roope Hintz 23 (Nico Hischier 24) at 4:18

Penalties :
Stefan Matteau (Roc) for Cross-checking (Minor) at 0:03, Andrew Mangiapane (Roc) for Holding (Minor) at 6:23

Goalie Stats

Mackenzie Blackwood (Roc), 40 saves from 44 shots - (0.909), L, 2-3-0, 60:00 minutes
Ilya Samsonov (Gra), 25 saves from 27 shots - (0.926), W, 25-18-6, 60:00 minutes

Players Stats for Icehogs

Player Name              G  A  P  +/- PIM S  H  SB GA TA FO     MP     PP MP  PK MP  
------------------------------------------------------------------------------------
Andrew Mangiapane        1  0  1   0  2   3  1  0  0  0  0/2    17:53   0:55   2:45 
Andrew Poturalski        0  0  0   0  0   1  0  0  0  2  5/7    16:47   0:55   1:40 
Calle Andersson          0  0  0   0  0   0  1  0  0  0  0/0    12:15   0:00   1:03 
Clark Bishop             0  0  0   0  0   0  0  0  0  0  5/12   12:32   0:00   1:54 
Duncan Siemens           0  2  2   0  0   0  0  0  0  0  0/0    10:32   0:00   0:00 
Hudson Fasching          0  0  0   0  0   1  1  0  0  1  0/1    15:20   0:55   0:00 
J.T. Brown               0  0  0  -1  0   3  1  2  1  0  0/1    17:49   1:04   0:00 
Jackson Cates            0  0  0  -1  0   3  2  0  0  0  0/5     8:14   0:00   0:21 
Jeremy Davies            0  0  0   0  0   0  0  0  0  0  0/0     5:03   0:00   0:01 
JJ. Piccinich            0  0  0   0  0   0  0  0  0  0  0/0     1:25   0:00   0:00 
Julius Honka             0  0  0   0  0   1  0  0  0  1  0/0    19:40   0:40   3:27 
Kurtis Gabriel           0  0  0   0  0   2  3  0  0  0  0/0     9:32   0:00   0:00 
Mattias Janmark          0  0  0  -1  0   2  0  0  0  0  0/0    11:03   0:00   1:50 
Michael Chaput           1  1  2  -1  0   3  2  1  0  0  15/27  22:02   1:04   4:01 
Mike Reilly              0  0  0  -2  0   1  0  1  0  2  0/0    24:45   1:19   4:28 
Mikhail Grigorenko       0  0  0   0  0   3  0  2  0  1  0/0    10:50   0:00   0:18 
Mitchell Chaffee         0  0  0   0  0   0  0  0  0  0  0/0     0:00   0:00   0:00 
Myles Bell               0  0  0   0  0   0  0  0  0  0  0/0     0:00   0:00   0:00 
Nick Mattson             0  0  0  -2  0   0  1  1  0  0  0/0    24:45   1:19   4:28 
Nick Paul                0  0  0   0  0   0  0  0  0  0  0/0     0:00   0:00   0:00 
Patrick Russell          0  0  0  -1  2   0  0  0  0  0  0/0     7:48   0:00   0:00 
Patrick Sieloff          0  0  0   0  2   4  0  0  0  0  0/0    18:21   0:40   2:25 
Ross Johnston            0  0  0   0  0   0  0  0  0  0  0/0     0:00   0:00   0:00 
Stefan Matteau           0  0  0  -1  2   0  1  0  3  0  0/1    20:44   1:04   3:03 
Zach Whitecloud          0  0  0   0  0   0  0  0  0  0  0/0     4:40   0:00   0:00 

Players Stats for Griffins

Player Name              G  A  P  +/- PIM S  H  SB GA TA FO     MP     PP MP  PK MP  
------------------------------------------------------------------------------------
Brendan Woods            0  1  1   1  0   0  0  1  0  0  4/7    13:53   0:00   1:03 
Chris Bigras             0  0  0  -1  0   0  0  0  0  0  0/0    19:03   0:00   0:50 
Danny Kristo             0  1  1  -1  0   3  2  1  1  0  1/1    16:34   3:39   0:45 
Dmitri Orlov             0  0  0   1  0   0  2  0  0  0  0/0    20:44   3:14   0:00 
Ian McCoshen             0  1  1   1  2   1  0  1  0  1  0/0    20:38   3:14   0:00 
Joe Morrow               0  0  0  -1  0   0  2  2  0  2  0/0    25:18   4:42   1:09 
Lucas Lessio             1  0  1   1  0   8  1  1  4  0  1/1    15:47   3:39   0:00 
Martin Frk               0  0  0   1  0   0  0  0  0  0  0/0    13:28   0:13   0:26 
Nico Hischier            0  1  1  -1  0   1  0  0  0  1  13/18  15:30   3:39   0:00 
Riley Armstrong          0  1  1   2  0   9  5  0  0  0  10/26  22:02   4:04   0:59 
Roope Hintz              1  0  1  -1  0   4  2  1  0  0  0/1    16:40   4:11   0:00 
Ryan Lindgren            0  0  0   2  0   1  0  4  0  0  0/0    13:58   0:00   0:50 
Ryan Pulock              0  1  1   2  0   1  0  1  0  0  0/0    15:39   0:00   1:09 
Sonny Milano             2  0  2   2  0   9  1  0  1  0  0/0    21:36   4:42   0:00 
Tanner Kero              0  0  0   0  0   0  0  0  0  0  1/1     8:07   0:00   0:00 
Troy Terry               0  0  0   0  0   1  0  0  0  0  0/0     8:30   0:06   0:00 
Tyler Bertuzzi           0  1  1   2  0   6  4  0  1  0  0/0    22:03   4:11   0:45 
Vladislav Namestnikov    0  0  0   0  0   0  2  1  0  0  1/1     8:30   0:06   0:00 

3 Stars

1 - Sonny Milano (Gra)
2 - Riley Armstrong (Gra)
3 - Tyler Bertuzzi (Gra)

Power Play

Icehogs - 0 on 1 Attempt(s) - 0.00%
Griffins - 0 on 4 Attempt(s) - 0.00%

Penalty Kill

Icehogs - 4 on 4 Attempt(s) - 100.00% - Score 0 goal in Penalty Kill
Griffins - 1 on 1 Attempt(s) - 100.00% - Score 0 goal in Penalty Kill

Team Stat

Icehogs - Hits : 13 - Faceoff Wins : 25 - Blocked Shots : 7 - Penalty Minutes : 8
Griffins - Hits : 21 - Faceoff Wins : 31 - Blocked Shots : 13 - Penalty Minutes : 2

Official

Referees : Kevin Pollock and Jacob Brenk
Linesman : Jesse Marquis and David Brisebois

Game Notes

No Game Note

Finance

Level 1 -- Attendance: 1787 (89.35%) -- Ticket Income $62,545
Level 2 -- Attendance: 1000 (100.00%) -- Ticket Income $15,000
Total Attendance: 2787 (92.90%)
Total Ticket Income: $77,545
Other Income: $3,877
Total Income: $81,422

Icehogs

5 vs 5 Forward 
   Center                   Left Wing                Right Wing               Time % Phy DF OF 
 1 Michael Chaput           Stefan Matteau           J.T. Brown               40     1   2  2  
 2 Andrew Poturalski        Andrew Mangiapane        Hudson Fasching          30     1   2  2  
 3 Clark Bishop             Mikhail Grigorenko       Kurtis Gabriel           20     1   2  2  
 4 Jackson Cates            Mattias Janmark          Patrick Russell          10     1   2  2  

5 vs 5 Defense 
   Defense                  Defense                                           Time % Phy DF OF 
 1 Nick Mattson             Mike Reilly                                       40     1   2  2  
 2 Julius Honka             Patrick Sieloff                                   30     1   2  2  
 3 Duncan Siemens           Calle Andersson                                   20     1   2  2  
 4 Jeremy Davies            Zach Whitecloud                                   10     1   2  2  

PowerPlay Forward 
   Center                   Left Wing                Right Wing               Time % Phy DF OF 
 1 Michael Chaput           Stefan Matteau           J.T. Brown               60     1   2  2  
 2 Andrew Poturalski        Andrew Mangiapane        Hudson Fasching          40     1   2  2  

PowerPlay Defense
   Defense                  Defense                                           Time % Phy DF OF 
 1 Nick Mattson             Mike Reilly                                       60     1   2  2  
 2 Julius Honka             Patrick Sieloff                                   40     1   2  2  

Penalty Kill 4 Players Forward 
   Center                   Wing                     Time % Phy DF OF 
 1 Michael Chaput           Stefan Matteau           60     1   2  2  
 2 Andrew Poturalski        Andrew Mangiapane        40     1   2  2  

Penalty Kill 4 Players Defense
   Defense                  Defense                  Time % Phy DF OF 
 1 Nick Mattson             Mike Reilly              60     1   2  2  
 2 Julius Honka             Patrick Sieloff          40     1   2  2  

Penalty Kill - 3 Players Forward 
   Forward                                           Time % Phy DF OF 
 1 Michael Chaput                                    60     1   2  2  
 2 Andrew Poturalski                                 40     1   2  2  

Penalty Kill - 3 Players Defense
   Defense                  Defense                  Time % Phy DF OF 
 1 Nick Mattson             Mike Reilly              60     1   2  2  
 2 Julius Honka             Patrick Sieloff          40     1   2  2  

4 vs 4 Forward 
   Center                   Wing                     Time % Phy DF OF 
 1 Michael Chaput           Stefan Matteau           60     1   2  2  
 2 Andrew Poturalski        Andrew Mangiapane        40     1   2  2  

4 vs 4 Defense
   Defense                  Defense                  Time % Phy DF OF 
 1 Nick Mattson             Mike Reilly              60     1   2  2  
 2 Julius Honka             Patrick Sieloff          40     1   2  2  

Last Minutes Offensive
   Center                   Left Wing                Right Wing               Defense                  Defense                  
   Michael Chaput           Stefan Matteau           J.T. Brown               Nick Mattson             Mike Reilly              

Last Minutes Defensive
   Center                   Left Wing                Right Wing               Defense                  Defense                  
   Michael Chaput           Stefan Matteau           J.T. Brown               Nick Mattson             Mike Reilly              

Goaltenders
Starting : Mackenzie Blackwood      
Backup : Jack LaFontaine          

Extra Forwards
Normal : Michael Chaput, Hudson Fasching, Mattias Janmark - PP : Michael Chaput, Hudson Fasching - PK : Michael Chaput
Extra Defensemen
Normal : Calle Andersson, Jeremy Davies, Zach Whitecloud - PP : Calle Andersson - PK : Calle Andersson, Jeremy Davies
Penalty Shots
Stefan Matteau, J.T. Brown, Andrew Mangiapane, Mikhail Grigorenko, Michael Chaput

Scratches
Kristian Reichel (Healthy), Nikita Scherbak (Torn Left MCL Injury), Dillon Dube (Back Injury), Michael Giugovaz (Healthy)

Griffins

5 vs 5 Forward 
   Center                   Left Wing                Right Wing               Time % Phy DF OF 
 1 Riley Armstrong          Sonny Milano             Tyler Bertuzzi           40     1   2  2  
 2 Nico Hischier            Roope Hintz              Danny Kristo             30     1   2  2  
 3 Brendan Woods            Lucas Lessio             Martin Frk               20     1   2  2  
 4 Vladislav Namestnikov    Tanner Kero              Troy Terry               10     1   2  2  

5 vs 5 Defense 
   Defense                  Defense                                           Time % Phy DF OF 
 1 Chris Bigras             Joe Morrow                                        40     1   4  0  
 2 Dmitri Orlov             Ian McCoshen                                      30     1   4  0  
 3 Ryan Lindgren            Ryan Pulock                                       20     1   4  0  
 4 Joe Morrow               Ryan Pulock                                       10     1   4  0  

PowerPlay Forward 
   Center                   Left Wing                Right Wing               Time % Phy DF OF 
 1 Riley Armstrong          Roope Hintz              Tyler Bertuzzi           60     1   2  2  
 2 Nico Hischier            Danny Kristo             Lucas Lessio             40     1   2  2  

PowerPlay Defense
   Defense                  Defense                                           Time % Phy DF OF 
 1 Joe Morrow               Sonny Milano                                      60     1   2  2  
 2 Dmitri Orlov             Ian McCoshen                                      40     1   2  2  

Penalty Kill 4 Players Forward 
   Center                   Wing                     Time % Phy DF OF 
 1 Riley Armstrong          Brendan Woods            60     1   2  2  
 2 Danny Kristo             Tyler Bertuzzi           40     1   2  2  

Penalty Kill 4 Players Defense
   Defense                  Defense                  Time % Phy DF OF 
 1 Joe Morrow               Ryan Pulock              60     1   2  2  
 2 Chris Bigras             Ryan Lindgren            40     1   2  2  

Penalty Kill - 3 Players Forward 
   Forward                                           Time % Phy DF OF 
 1 Brendan Woods                                     60     1   2  2  
 2 Riley Armstrong                                   40     1   2  2  

Penalty Kill - 3 Players Defense
   Defense                  Defense                  Time % Phy DF OF 
 1 Joe Morrow               Ryan Pulock              60     1   2  2  
 2 Ian McCoshen             Chris Bigras             40     1   2  2  

4 vs 4 Forward 
   Center                   Wing                     Time % Phy DF OF 
 1 Riley Armstrong          Tyler Bertuzzi           60     1   2  2  
 2 Roope Hintz              Danny Kristo             40     1   2  2  

4 vs 4 Defense
   Defense                  Defense                  Time % Phy DF OF 
 1 Ian McCoshen             Dmitri Orlov             60     1   2  2  
 2 Joe Morrow               Chris Bigras             40     1   2  2  

Last Minutes Offensive
   Center                   Left Wing                Right Wing               Defense                  Defense                  
   Riley Armstrong          Tyler Bertuzzi           Danny Kristo             Joe Morrow               Dmitri Orlov             

Last Minutes Defensive
   Center                   Left Wing                Right Wing               Defense                  Defense                  
   Riley Armstrong          Brendan Woods            Lucas Lessio             Joe Morrow               Ian McCoshen             

Goaltenders
Starting : Ilya Samsonov            
Backup : Adam Werner              

Extra Forwards
Normal : Roope Hintz, Danny Kristo, Brendan Woods - PP : Martin Frk, Vladislav Namestnikov - PK : Martin Frk
Extra Defensemen
Normal : Ian McCoshen, Chris Bigras, Dmitri Orlov - PP : Ryan Pulock - PK : Ian McCoshen, Dmitri Orlov
Penalty Shots
Sonny Milano, Danny Kristo, Roope Hintz, Troy Terry, Riley Armstrong

Scratches
Cody Glass (Healthy), Klim Kostin (Healthy), Morgan Barron (Healthy), Lias Andersson (Healthy), Jack Studnicka (Healthy)
Greg McKegg (Healthy), Jack Ramsey (Healthy), Sebastian Ahaut (Healthy), Konrad Abeltshauser (Healthy), Michael Bunting (Healthy)
Conor Timmins (Healthy), Tomas Hyka (Healthy), Nick Swaney (Healthy), Marcus Hogberg (Healthy), Philippe Desrosiers (Healthy)

% Time on Ice - Icehogs

Lines # - Real PCT - Wanted PCT - Time Play
Normal Forward
1 - 34% - 40% - 16:52
2 - 32% - 30% - 16:09
3 - 19% - 20% - 9:22
4 - 15% - 10% - 7:42
Normal Defense
1 - 39% - 40% - 19:20
2 - 31% - 30% - 15:33
3 - 21% - 20% - 10:32
4 - 9% - 10% - 4:40
PP Forward
1 - 54% - 60% - 1:04
2 - 46% - 40% - 0:55
PP Defense
1 - 66% - 60% - 1:19
2 - 34% - 40% - 0:40
PK Forward
1 - 78% - 60% - 6:13
2 - 22% - 40% - 1:43
PK Defense
1 - 57% - 60% - 4:29
2 - 43% - 40% - 3:27
PK3 Forward
1 - 0% - 60%
2 - 0% - 40%
PK3 Defense
1 - 0% - 60%
2 - 0% - 40%
44 Forward
1 - 0% - 60%
2 - 0% - 40%
44 Defense
1 - 0% - 60%
2 - 0% - 40%
Last Minute Offensive  - 0:00
Last Minute Defensive  - 0:00
Total
Forward - 60:00
Defense - 60:00

% Time on Ice - Griffins

Lines # - Real PCT - Wanted PCT - Time Play
Normal Forward
1 - 36% - 40% - 17:53
2 - 23% - 30% - 11:44
3 - 25% - 20% - 12:21
4 - 16% - 10% - 8:07
Normal Defense
1 - 37% - 40% - 18:28
2 - 35% - 30% - 17:22
3 - 26% - 20% - 13:08
4 - 2% - 10% - 1:07
PP Forward
1 - 54% - 60% - 4:17
2 - 46% - 40% - 3:39
PP Defense
1 - 59% - 60% - 4:42
2 - 41% - 40% - 3:14
PK Forward
1 - 62% - 60% - 1:14
2 - 38% - 40% - 0:45
PK Defense
1 - 58% - 60% - 1:09
2 - 42% - 40% - 0:50
PK3 Forward
1 - 0% - 60%
2 - 0% - 40%
PK3 Defense
1 - 0% - 60%
2 - 0% - 40%
44 Forward
1 - 0% - 60%
2 - 0% - 40%
44 Defense
1 - 0% - 60%
2 - 0% - 40%
Last Minute Offensive  - 0:00
Last Minute Defensive  - 0:00
Total
Forward - 60:00
Defense - 60:00

Play-by-Play

1st period


0:01 of 1st period - Michael Chaput wins face-off versus Riley Armstrong in neutral zone.
0:28 of 1st period - Snap shot by Sonny Milano.
0:28 of 1st period - Stopped by Mackenzie Blackwood with a rebound.
0:38 of 1st period - Backhand shot by Michael Chaput.
0:38 of 1st period - Shot Misses the Net.
0:41 of 1st period - Icing by Joe Morrow.
0:42 of 1st period - Andrew Poturalski wins face-off versus Riley Armstrong in Griffins zone.
1:07 of 1st period - Wrist shot by Sonny Milano.
1:07 of 1st period - Shot Misses the Net.
1:09 of 1st period - Slapshot by Joe Morrow.
1:09 of 1st period - Deflect By Riley Armstrong.
1:09 of 1st period - Stopped by Mackenzie Blackwood without a rebound.
1:10 of 1st period - Nico Hischier wins face-off versus Clark Bishop in Icehogs zone.
1:11 of 1st period - Snap shot by Danny Kristo.
1:11 of 1st period - Stopped by Mackenzie Blackwood without a rebound.
1:12 of 1st period - Nico Hischier wins face-off versus Clark Bishop in Icehogs zone.
1:13 of 1st period - Wrist shot by Danny Kristo.
1:13 of 1st period - Stopped by Mackenzie Blackwood without a rebound.
1:14 of 1st period - Nico Hischier wins face-off versus Clark Bishop in Icehogs zone.
1:15 of 1st period - Slapshot by Roope Hintz.
1:15 of 1st period - Stopped by Mackenzie Blackwood with a rebound.
1:45 of 1st period - Snap shot by Hudson Fasching.
1:45 of 1st period - Shot Misses the Net.
1:47 of 1st period - Minor Penalty to Ian McCoshen for Holding.
1:48 of 1st period - Riley Armstrong wins face-off versus Michael Chaput in Griffins zone.
3:47 of 1st period - Penalty to Ian McCoshen is over, Ian McCoshen is back on ice.
4:01 of 1st period - Wrist shot by Troy Terry.
4:01 of 1st period - Stopped by Mackenzie Blackwood without a rebound.
4:02 of 1st period - Nico Hischier wins face-off versus Jackson Cates in Icehogs zone.
4:15 of 1st period - Snap shot by Roope Hintz.
4:15 of 1st period - Stopped by Mackenzie Blackwood without a rebound.
4:16 of 1st period - Andrew Poturalski wins face-off versus Brendan Woods in Icehogs zone.
6:23 of 1st period - Icing by Chris Bigras.
6:24 of 1st period - Clark Bishop wins face-off versus Nico Hischier in Griffins zone.
6:37 of 1st period - Snap shot by Roope Hintz.
6:37 of 1st period - Stopped by Mackenzie Blackwood without a rebound.
6:38 of 1st period - Michael Chaput wins face-off versus Riley Armstrong in Icehogs zone.
6:57 of 1st period - Ryan Pulock is hit by Michael Chaput and loses puck.
7:12 of 1st period - Slapshot by Nick Mattson.
7:12 of 1st period - Shot Misses the Net.
7:14 of 1st period - Snap shot by Mikhail Grigorenko.
7:14 of 1st period - Stopped by Ilya Samsonov without a rebound.
7:15 of 1st period - Brendan Woods wins face-off versus Clark Bishop in Griffins zone.
7:20 of 1st period - Brendan Woods is hit by Kurtis Gabriel and loses puck.
7:29 of 1st period - Snap shot by Lucas Lessio.
7:29 of 1st period - Stopped by Mackenzie Blackwood without a rebound.
7:30 of 1st period - Nico Hischier wins face-off versus Michael Chaput in Icehogs zone.
8:21 of 1st period - Snap shot by Riley Armstrong.
8:21 of 1st period - Stopped by Mackenzie Blackwood without a rebound.
8:22 of 1st period - Michael Chaput wins face-off versus Riley Armstrong in Icehogs zone.
8:29 of 1st period - Snap shot by Tyler Bertuzzi.
8:29 of 1st period - Stopped by Mackenzie Blackwood with a rebound.
9:57 of 1st period - Snap shot by Riley Armstrong.
9:57 of 1st period - Stopped by Mackenzie Blackwood with a rebound.
9:59 of 1st period - Snap shot by Tyler Bertuzzi.
9:59 of 1st period - Shot Blocked by J.T. Brown.
10:01 of 1st period - Snap shot by Riley Armstrong.
10:01 of 1st period - Shot Blocked by J.T. Brown.
10:13 of 1st period - Wrist shot by Andrew Mangiapane.
10:13 of 1st period - Shot Misses the Net.
10:15 of 1st period - Slapshot by Duncan Siemens.
10:15 of 1st period - Shot Blocked by Roope Hintz.
10:17 of 1st period - Wrist shot by Andrew Mangiapane.
10:17 of 1st period - Goal by Andrew Mangiapane - Icehogs : 1 - Griffins : 0.
10:18 of 1st period - Riley Armstrong wins face-off versus Michael Chaput in neutral zone.
10:28 of 1st period - Slapshot by Stefan Matteau.
10:28 of 1st period - Deflect By J.T. Brown.
10:28 of 1st period - Shot Misses the Net.
10:28 of 1st period - Puck is out of play.
10:29 of 1st period - Michael Chaput wins face-off versus Nico Hischier in Griffins zone.
10:42 of 1st period - Wrist shot by J.T. Brown.
10:42 of 1st period - Deflect By Michael Chaput.
10:42 of 1st period - Shot Blocked by Danny Kristo.
10:42 of 1st period - Puck is out of play.
10:43 of 1st period - Riley Armstrong wins face-off versus Andrew Poturalski in Griffins zone.
10:58 of 1st period - Snap shot by Andrew Mangiapane.
10:58 of 1st period - Stopped by Ilya Samsonov with a rebound.
11:18 of 1st period - Snap shot by Michael Chaput.
11:18 of 1st period - Stopped by Ilya Samsonov with a rebound.
12:14 of 1st period - Icing by Andrew Mangiapane.
12:15 of 1st period - Andrew Poturalski wins face-off versus Riley Armstrong in Icehogs zone.
12:22 of 1st period - Wrist shot by Hudson Fasching.
12:22 of 1st period - Shot Blocked by Ryan Lindgren.
12:57 of 1st period - Wrist shot by Andrew Poturalski.
12:57 of 1st period - Shot Blocked by Lucas Lessio.
13:03 of 1st period - Slapshot by Andrew Mangiapane.
13:03 of 1st period - Shot Misses the Net.
13:21 of 1st period - Wrist shot by Lucas Lessio.
13:21 of 1st period - Stopped by Mackenzie Blackwood with a rebound.
13:23 of 1st period - Wrist shot by Martin Frk.
13:23 of 1st period - Shot Misses the Net.
13:25 of 1st period - Backhand shot by Ryan Lindgren.
13:25 of 1st period - Deflect By Andrew Mangiapane.
13:25 of 1st period - Stopped by Mackenzie Blackwood with a rebound.
13:37 of 1st period - Wrist shot by Lucas Lessio.
13:37 of 1st period - Stopped by Mackenzie Blackwood with a rebound.
13:39 of 1st period - Slapshot by Ryan Pulock.
13:39 of 1st period - Stopped by Mackenzie Blackwood without a rebound.
13:40 of 1st period - Michael Chaput wins face-off versus Riley Armstrong in Icehogs zone.
13:49 of 1st period - Michael Chaput is hit by Riley Armstrong and loses puck.
13:56 of 1st period - Stefan Matteau is hit by Joe Morrow.
14:06 of 1st period - Nico Hischier is hit by Nick Mattson and loses puck.
14:57 of 1st period - Snap shot by J.T. Brown.
14:57 of 1st period - Shot Misses the Net.
16:51 of 1st period - Minor Penalty to Patrick Russell for Hooking.
16:52 of 1st period - Michael Chaput wins face-off versus Riley Armstrong in Icehogs zone.
17:23 of 1st period - Wrist shot by Sonny Milano.
17:23 of 1st period - Shot Misses the Net.
17:25 of 1st period - Snap shot by Lucas Lessio.
17:25 of 1st period - Stopped by Mackenzie Blackwood with a rebound.
17:27 of 1st period - Snap shot by Danny Kristo.
17:27 of 1st period - Shot Blocked by Mike Reilly.
17:46 of 1st period - Patrick Sieloff is hit by Riley Armstrong and loses puck.
18:51 of 1st period - Penalty to Patrick Russell is over, Patrick Russell is back on ice.
19:05 of 1st period - Backhand shot by Troy Terry.
19:05 of 1st period - Shot Misses the Net.
Goals for this period are 1 for Icehogs vs 0 for Griffins.
Shots for this period are 4 for Icehogs vs 17 for Griffins.

2nd period


0:01 of 2nd period - Riley Armstrong wins face-off versus Michael Chaput in neutral zone.
0:04 of 2nd period - Snap shot by Sonny Milano.
0:04 of 2nd period - Stopped by Mackenzie Blackwood with a rebound.
0:06 of 2nd period - Slapshot by Riley Armstrong.
0:06 of 2nd period - Stopped by Mackenzie Blackwood without a rebound.
0:07 of 2nd period - Michael Chaput wins face-off versus Riley Armstrong in Icehogs zone.
0:51 of 2nd period - Snap shot by Tyler Bertuzzi.
0:51 of 2nd period - Stopped by Mackenzie Blackwood with a rebound.
0:53 of 2nd period - Snap shot by Riley Armstrong.
0:53 of 2nd period - Stopped by Mackenzie Blackwood with a rebound.
0:55 of 2nd period - Snap shot by Tyler Bertuzzi.
0:55 of 2nd period - Shot Blocked by Nick Mattson.
1:03 of 2nd period - Mike Reilly is hit by Riley Armstrong and loses puck.
2:01 of 2nd period - Snap shot by Sonny Milano.
2:01 of 2nd period - Goal by Sonny Milano - Icehogs : 1 - Griffins : 1.
2:02 of 2nd period - Andrew Poturalski wins face-off versus Roope Hintz in neutral zone.
2:11 of 2nd period - Snap shot by Andrew Mangiapane.
2:11 of 2nd period - Deflect By Hudson Fasching.
2:11 of 2nd period - Stopped by Ilya Samsonov with a rebound.
2:13 of 2nd period - Slapshot by Patrick Sieloff.
2:13 of 2nd period - Stopped by Ilya Samsonov with a rebound.
2:43 of 2nd period - Icing by Mattias Janmark.
2:44 of 2nd period - Nico Hischier wins face-off versus Jackson Cates in Icehogs zone.
3:29 of 2nd period - Wrist shot by Mikhail Grigorenko.
3:29 of 2nd period - Stopped by Ilya Samsonov with a rebound.
3:31 of 2nd period - Wrist shot by Kurtis Gabriel.
3:31 of 2nd period - Shot Misses the Net.
3:36 of 2nd period - Minor Penalty to Patrick Sieloff for Hooking.
3:37 of 2nd period - Nico Hischier wins face-off versus Michael Chaput in Icehogs zone.
3:53 of 2nd period - Snap shot by Nico Hischier.
3:53 of 2nd period - Shot Misses the Net.
4:50 of 2nd period - Icing by Dmitri Orlov.
4:51 of 2nd period - Lucas Lessio wins face-off versus Clark Bishop in Griffins zone.
5:04 of 2nd period - Sonny Milano is hit by Stefan Matteau and loses puck.
5:36 of 2nd period - Penalty to Patrick Sieloff is over, Patrick Sieloff is back on ice.
5:47 of 2nd period - Wrist shot by Mattias Janmark.
5:47 of 2nd period - Deflect By Jackson Cates.
5:47 of 2nd period - Stopped by Ilya Samsonov with a rebound.
5:53 of 2nd period - Snap shot by Mattias Janmark.
5:53 of 2nd period - Stopped by Ilya Samsonov without a rebound.
5:54 of 2nd period - Brendan Woods wins face-off versus Clark Bishop in Griffins zone.
6:27 of 2nd period - Snap shot by Hudson Fasching.
6:27 of 2nd period - Deflect By Andrew Poturalski.
6:27 of 2nd period - Shot Misses the Net.
6:27 of 2nd period - Puck is out of play.
6:28 of 2nd period - Michael Chaput wins face-off versus Riley Armstrong in Griffins zone.
6:47 of 2nd period - Julius Honka is hit by Tyler Bertuzzi and loses puck.
7:00 of 2nd period - Snap shot by Martin Frk.
7:00 of 2nd period - Deflect By Lucas Lessio.
7:00 of 2nd period - Stopped by Mackenzie Blackwood without a rebound.
7:01 of 2nd period - Brendan Woods wins face-off versus Andrew Mangiapane in Icehogs zone.
8:37 of 2nd period - Slapshot by Brendan Woods.
8:37 of 2nd period - Shot Misses the Net.
9:23 of 2nd period - Snap shot by Lucas Lessio.
9:23 of 2nd period - Stopped by Mackenzie Blackwood without a rebound.
9:24 of 2nd period - Danny Kristo wins face-off versus J.T. Brown in Icehogs zone.
9:27 of 2nd period - Snap shot by Danny Kristo.
9:27 of 2nd period - Shot Misses the Net.
9:29 of 2nd period - Snap shot by Danny Kristo.
9:29 of 2nd period - Shot Blocked by Michael Chaput.
9:31 of 2nd period - Backhand shot by Chris Bigras.
9:31 of 2nd period - Shot Misses the Net.
9:56 of 2nd period - Wrist shot by Sonny Milano.
9:56 of 2nd period - Stopped by Mackenzie Blackwood with a rebound.
9:58 of 2nd period - Slapshot by Ryan Lindgren.
9:58 of 2nd period - Shot Blocked by Mikhail Grigorenko.
10:05 of 2nd period - Icing by Clark Bishop.
10:06 of 2nd period - Tanner Kero wins face-off versus Jackson Cates in Icehogs zone.
10:19 of 2nd period - Backhand shot by Julius Honka.
10:19 of 2nd period - Stopped by Ilya Samsonov without a rebound.
10:20 of 2nd period - Nico Hischier wins face-off versus Michael Chaput in Griffins zone.
10:29 of 2nd period - Snap shot by Michael Chaput.
10:29 of 2nd period - Shot Hit the Post.
10:31 of 2nd period - Snap shot by Michael Chaput.
10:31 of 2nd period - Goal by Michael Chaput - Icehogs : 2 - Griffins : 1.
10:32 of 2nd period - Riley Armstrong wins face-off versus Michael Chaput in neutral zone.
10:57 of 2nd period - Chris Bigras is hit by Kurtis Gabriel and loses puck.
11:10 of 2nd period - Snap shot by Kurtis Gabriel.
11:10 of 2nd period - Stopped by Ilya Samsonov with a rebound.
11:22 of 2nd period - Slapshot by Mattias Janmark.
11:22 of 2nd period - Stopped by Ilya Samsonov with a rebound.
11:44 of 2nd period - Sonny Milano is hit by Michael Chaput and loses puck.
11:48 of 2nd period - Icing by Riley Armstrong.
11:49 of 2nd period - Clark Bishop wins face-off versus Riley Armstrong in Griffins zone.
12:03 of 2nd period - Kurtis Gabriel is hit by Dmitri Orlov and loses puck.
12:42 of 2nd period - Snap shot by Andrew Poturalski.
12:42 of 2nd period - Shot Misses the Net.
12:44 of 2nd period - Wrist shot by Andrew Poturalski.
12:44 of 2nd period - Stopped by Ilya Samsonov with a rebound.
12:46 of 2nd period - Wrist shot by Patrick Sieloff.
12:46 of 2nd period - Shot Blocked by Ryan Pulock.
12:48 of 2nd period - Slapshot by Andrew Mangiapane.
12:48 of 2nd period - Stopped by Ilya Samsonov with a rebound.
12:50 of 2nd period - Wrist shot by Andrew Mangiapane.
12:50 of 2nd period - Shot Misses the Net.
13:17 of 2nd period - Icing by Tanner Kero.
13:18 of 2nd period - Clark Bishop wins face-off versus Nico Hischier in Griffins zone.
13:21 of 2nd period - Snap shot by Kurtis Gabriel.
13:21 of 2nd period - Shot Misses the Net.
13:43 of 2nd period - Wrist shot by Danny Kristo.
13:43 of 2nd period - Shot Misses the Net.
13:45 of 2nd period - Slapshot by Sonny Milano.
13:45 of 2nd period - Goal by Sonny Milano - Icehogs : 2 - Griffins : 2.
13:46 of 2nd period - Riley Armstrong wins face-off versus Michael Chaput in neutral zone.
13:55 of 2nd period - Snap shot by Sonny Milano.
13:55 of 2nd period - Stopped by Mackenzie Blackwood with a rebound.
14:34 of 2nd period - Slapshot by Lucas Lessio.
14:34 of 2nd period - Deflect By Nick Mattson.
14:34 of 2nd period - Stopped by Mackenzie Blackwood without a rebound.
14:35 of 2nd period - Clark Bishop wins face-off versus Brendan Woods in Icehogs zone.
14:42 of 2nd period - Wrist shot by Mikhail Grigorenko.
14:42 of 2nd period - Shot Blocked by Brendan Woods.
14:44 of 2nd period - Snap shot by Mikhail Grigorenko.
14:44 of 2nd period - Shot Blocked by Ryan Lindgren.
14:46 of 2nd period - Slapshot by Patrick Sieloff.
14:46 of 2nd period - Stopped by Ilya Samsonov without a rebound.
14:47 of 2nd period - Riley Armstrong wins face-off versus Stefan Matteau in Griffins zone.
14:52 of 2nd period - Stefan Matteau is hit by Sonny Milano and loses puck.
15:01 of 2nd period - Ryan Pulock is hit by J.T. Brown and loses puck.
15:14 of 2nd period - Andrew Poturalski is hit by Roope Hintz and loses puck.
15:50 of 2nd period - Jackson Cates is hit by Dmitri Orlov and loses puck.
16:03 of 2nd period - Snap shot by Mikhail Grigorenko.
16:03 of 2nd period - Deflect By Lucas Lessio.
16:03 of 2nd period - Shot Blocked by Joe Morrow.
16:03 of 2nd period - Puck is out of play.
16:04 of 2nd period - Brendan Woods wins face-off versus Clark Bishop in Griffins zone.
16:13 of 2nd period - Snap shot by Lucas Lessio.
16:13 of 2nd period - Shot Blocked by Mikhail Grigorenko.
16:48 of 2nd period - Slapshot by Kurtis Gabriel.
16:48 of 2nd period - Shot Blocked by Joe Morrow.
16:56 of 2nd period - Slapshot by Kurtis Gabriel.
16:56 of 2nd period - Shot Misses the Net.
16:58 of 2nd period - Slapshot by Kurtis Gabriel.
16:58 of 2nd period - Stopped by Ilya Samsonov without a rebound.
16:59 of 2nd period - Michael Chaput wins face-off versus Riley Armstrong in Griffins zone.
17:06 of 2nd period - Snap shot by J.T. Brown.
17:06 of 2nd period - Shot Misses the Net.
17:39 of 2nd period - Snap shot by Hudson Fasching.
17:39 of 2nd period - Shot Misses the Net.
18:08 of 2nd period - Ian McCoshen is hit by Jackson Cates and loses puck.
18:27 of 2nd period - Jackson Cates is hit by Vladislav Namestnikov.
18:35 of 2nd period - Snap shot by Patrick Sieloff.
18:35 of 2nd period - Stopped by Ilya Samsonov with a rebound.
18:37 of 2nd period - Wrist shot by Patrick Russell.
18:37 of 2nd period - Deflect By Mattias Janmark.
18:37 of 2nd period - Shot Misses the Net.
18:37 of 2nd period - Puck is out of play.
18:38 of 2nd period - Riley Armstrong wins face-off versus Michael Chaput in Griffins zone.
19:06 of 2nd period - Wrist shot by Andrew Mangiapane.
19:06 of 2nd period - Deflect By Hudson Fasching.
19:06 of 2nd period - Shot Misses the Net.
19:06 of 2nd period - Puck is out of play.
19:07 of 2nd period - Nico Hischier wins face-off versus Hudson Fasching in Griffins zone.
19:09 of 2nd period - Icing by Roope Hintz.
19:10 of 2nd period - Nico Hischier wins face-off versus Michael Chaput in Griffins zone.
19:17 of 2nd period - Michael Chaput is hit by Danny Kristo and loses puck.
19:40 of 2nd period - Ryan Pulock is hit by Hudson Fasching and loses puck.
19:47 of 2nd period - Slapshot by Andrew Poturalski.
19:47 of 2nd period - Shot Misses the Net.
Goals for this period are 1 for Icehogs vs 2 for Griffins.
Shots for this period are 14 for Icehogs vs 11 for Griffins.

3rd period


0:01 of 3rd period - Michael Chaput wins face-off versus Riley Armstrong in neutral zone.
0:03 of 3rd period - Minor Penalty to Stefan Matteau for Cross-checking.
0:04 of 3rd period - Riley Armstrong wins face-off versus Michael Chaput in Icehogs zone.
0:08 of 3rd period - Snap shot by Tyler Bertuzzi.
0:08 of 3rd period - Stopped by Mackenzie Blackwood with a rebound.
0:10 of 3rd period - Snap shot by Roope Hintz.
0:10 of 3rd period - Deflect By Riley Armstrong.
0:10 of 3rd period - Stopped by Mackenzie Blackwood with a rebound.
0:12 of 3rd period - Wrist shot by Sonny Milano.
0:12 of 3rd period - Stopped by Mackenzie Blackwood without a rebound.
0:13 of 3rd period - Michael Chaput wins face-off versus Riley Armstrong in Icehogs zone.
2:03 of 3rd period - Penalty to Stefan Matteau is over, Stefan Matteau is back on ice.
2:39 of 3rd period - Wrist shot by Lucas Lessio.
2:39 of 3rd period - Goal by Lucas Lessio - Icehogs : 2 - Griffins : 3.
2:40 of 3rd period - Michael Chaput wins face-off versus Brendan Woods in neutral zone.
2:53 of 3rd period - Wrist shot by Stefan Matteau.
2:53 of 3rd period - Shot Misses the Net.
2:55 of 3rd period - Snap shot by Michael Chaput.
2:55 of 3rd period - Stopped by Ilya Samsonov with a rebound.
3:07 of 3rd period - Andrew Poturalski is hit by Riley Armstrong.
3:11 of 3rd period - Snap shot by Riley Armstrong.
3:11 of 3rd period - Stopped by Mackenzie Blackwood without a rebound.
3:12 of 3rd period - Michael Chaput wins face-off versus Riley Armstrong in Icehogs zone.
3:17 of 3rd period - Patrick Sieloff is hit by Tyler Bertuzzi and loses puck.
3:28 of 3rd period - Snap shot by Tyler Bertuzzi.
3:28 of 3rd period - Stopped by Mackenzie Blackwood with a rebound.
3:30 of 3rd period - Snap shot by Riley Armstrong.
3:30 of 3rd period - Deflect By Tyler Bertuzzi.
3:30 of 3rd period - Stopped by Mackenzie Blackwood with a rebound.
3:42 of 3rd period - Wrist shot by J.T. Brown.
3:42 of 3rd period - Stopped by Ilya Samsonov with a rebound.
3:59 of 3rd period - Mike Reilly is hit by Tyler Bertuzzi and loses puck.
4:16 of 3rd period - Snap shot by Sonny Milano.
4:16 of 3rd period - Stopped by Mackenzie Blackwood without a rebound.
4:17 of 3rd period - Nico Hischier wins face-off versus Andrew Mangiapane in Icehogs zone.
4:18 of 3rd period - Snap shot by Roope Hintz.
4:18 of 3rd period - Goal by Roope Hintz - Icehogs : 2 - Griffins : 4.
4:19 of 3rd period - Nico Hischier wins face-off versus Andrew Poturalski in neutral zone.
4:22 of 3rd period - Hudson Fasching is hit by Joe Morrow and loses puck.
4:45 of 3rd period - Martin Frk is hit by Kurtis Gabriel.
5:25 of 3rd period - Wrist shot by Michael Chaput.
5:25 of 3rd period - Shot Misses the Net.
5:27 of 3rd period - Snap shot by Patrick Sieloff.
5:27 of 3rd period - Stopped by Ilya Samsonov without a rebound.
5:28 of 3rd period - Vladislav Namestnikov wins face-off versus Jackson Cates in Griffins zone.
5:53 of 3rd period - Michael Chaput is hit by Tyler Bertuzzi and loses puck.
6:23 of 3rd period - Minor Penalty to Andrew Mangiapane for Holding.
6:24 of 3rd period - Michael Chaput wins face-off versus Riley Armstrong in Icehogs zone.
7:55 of 3rd period - Mike Reilly is hit by Lucas Lessio.
8:23 of 3rd period - Penalty to Andrew Mangiapane is over, Andrew Mangiapane is back on ice.
8:29 of 3rd period - Wrist shot by Mikhail Grigorenko.
8:29 of 3rd period - Shot Blocked by Vladislav Namestnikov.
8:33 of 3rd period - Snap shot by Kurtis Gabriel.
8:33 of 3rd period - Shot Misses the Net.
8:35 of 3rd period - Wrist shot by Clark Bishop.
8:35 of 3rd period - Shot Blocked by Ian McCoshen.
9:19 of 3rd period - Roope Hintz is hit by Calle Andersson and loses puck.
10:05 of 3rd period - Icing by Michael Chaput.
10:06 of 3rd period - Clark Bishop wins face-off versus Nico Hischier in Icehogs zone.
10:37 of 3rd period - Snap shot by Stefan Matteau.
10:37 of 3rd period - Shot Misses the Net.
10:51 of 3rd period - Ryan Lindgren is hit by Andrew Mangiapane and loses puck.
11:16 of 3rd period - Snap shot by Jackson Cates.
11:16 of 3rd period - Stopped by Ilya Samsonov with a rebound.
11:22 of 3rd period - Snap shot by Jackson Cates.
11:22 of 3rd period - Stopped by Ilya Samsonov with a rebound.
11:34 of 3rd period - Wrist shot by J.T. Brown.
11:34 of 3rd period - Stopped by Ilya Samsonov with a rebound.
11:38 of 3rd period - Wrist shot by J.T. Brown.
11:38 of 3rd period - Stopped by Ilya Samsonov with a rebound.
11:40 of 3rd period - Slapshot by Nick Mattson.
11:40 of 3rd period - Shot Blocked by Ryan Lindgren.
11:42 of 3rd period - Slapshot by J.T. Brown.
11:42 of 3rd period - Deflect By Stefan Matteau.
11:42 of 3rd period - Shot Blocked by Ryan Lindgren.
11:42 of 3rd period - Puck is out of play.
11:43 of 3rd period - Andrew Poturalski wins face-off versus Nico Hischier in Griffins zone.
11:58 of 3rd period - Wrist shot by Nico Hischier.
11:58 of 3rd period - Shot Misses the Net.
12:10 of 3rd period - Wrist shot by Tyler Bertuzzi.
12:10 of 3rd period - Deflect By Sonny Milano.
12:10 of 3rd period - Stopped by Mackenzie Blackwood with a rebound.
13:21 of 3rd period - Slapshot by Mike Reilly.
13:21 of 3rd period - Deflect By Tyler Bertuzzi.
13:21 of 3rd period - Stopped by Ilya Samsonov with a rebound.
13:56 of 3rd period - Wrist shot by Kurtis Gabriel.
13:56 of 3rd period - Shot Hit the Post.
13:58 of 3rd period - Slapshot by Mikhail Grigorenko.
13:58 of 3rd period - Stopped by Ilya Samsonov without a rebound.
13:59 of 3rd period - Nico Hischier wins face-off versus Jackson Cates in Griffins zone.
13:59 of 3rd period - Nico Hischier is hit by Jackson Cates.
16:03 of 3rd period - Slapshot by Ian McCoshen.
16:03 of 3rd period - Stopped by Mackenzie Blackwood with a rebound.
16:33 of 3rd period - Nick Mattson is hit by Vladislav Namestnikov and loses puck.
17:11 of 3rd period - Andrew Mangiapane is hit by Roope Hintz.
17:46 of 3rd period - Snap shot by Nico Hischier.
17:46 of 3rd period - Stopped by Mackenzie Blackwood with a rebound.
17:48 of 3rd period - Snap shot by Danny Kristo.
17:48 of 3rd period - Stopped by Mackenzie Blackwood with a rebound.
18:41 of 3rd period - Backhand shot by Joe Morrow.
18:41 of 3rd period - Shot Misses the Net.
18:43 of 3rd period - Snap shot by Tyler Bertuzzi.
18:43 of 3rd period - Stopped by Mackenzie Blackwood without a rebound.
18:44 of 3rd period - Riley Armstrong wins face-off versus Michael Chaput in Icehogs zone.
18:47 of 3rd period - Snap shot by Riley Armstrong.
18:47 of 3rd period - Stopped by Mackenzie Blackwood with a rebound.
18:49 of 3rd period - Wrist shot by Riley Armstrong.
18:49 of 3rd period - Stopped by Mackenzie Blackwood without a rebound.
18:50 of 3rd period - Michael Chaput wins face-off versus Riley Armstrong in Icehogs zone.
18:55 of 3rd period - Wrist shot by Michael Chaput.
18:55 of 3rd period - Shot Misses the Net.
19:27 of 3rd period - Julius Honka is hit by Riley Armstrong and loses puck.
19:54 of 3rd period - Patrick Sieloff is hit by Danny Kristo.
Goals for this period are 0 for Icehogs vs 2 for Griffins.
Shots for this period are 9 for Icehogs vs 16 for Griffins.